 Dungeon Crawl Stone Soup version 0.21.1-1-g345015fe64 (webtiles) character file.

60 Gabide the Skirmisher (level 3, 0/33 HPs)
             Began as a Draconian Chaos Knight on Feb 17, 2018.
             Slain by a leopard gecko (4 damage)
             ... on level 3 of the Dungeon.
             The game lasted 00:03:15 (1217 turns).

Gabide the Skirmisher (Draconian Chaos Knight)      Turns: 1217, Time: 00:03:15

Health: 0/33       AC:  5    Str: 15    XL:     3   Next: 82%
Magic:  3/3        EV: 12    Int: 12    God:    Xom [....*.]
Gold:   150        SH:  0    Dex: 10    Spells: 2/2 levels left

rFire    . . .     SeeInvis .   a - +0 falchion (chaos)
rCold    . . .     Gourm    .   (no shield)
rNeg     . . .     Faith    .   (armour unavailable)
rPois    .         Spirit   .   (helmet restricted)
rElec    .         Reflect  .   (no cloak)
rCorr    .         Harm     .   (no gloves)
MR       .....                  (no boots)
Stlth    +.........             (no amulet)
HPRegen  0.11/turn              (no ring)
MPRegen  0.08/turn              (no ring)

@: no status effects
A: unfitting armour, cold-blooded, AC +5
a: Renounce Religion


You were on level 3 of the Dungeon.
You worshipped Xom.
You were a beloved toy of Xom.
You were very hungry.

You visited 1 branch of the dungeon, and saw 3 of its levels.

You collected 150 gold pieces.

Inventory:

Hand Weapons
 a - a +0 falchion of chaos (weapon)
 k - a +0 long sword
Potions
 e - a potion of invisibility
 f - a potion of lignification {unknown}
 g - a potion of haste {unknown}
 i - a potion of flight {unknown}
 j - 2 potions of might
Comestibles
 b - 4 rations


   Skills:
 + Level 4.1 Fighting
 + Level 3.8 Long Blades
 + Level 2.5 Dodging
 + Level 0.2 Stealth


You had 2 spell levels left.
You didn't know any spells.

Dungeon Overview and Level Annotations

Branches:
Dungeon (3/15)

Altars:
Gozag
Sif Muna
Trog
Vehumet
Xom
The Shining One


Innate Abilities, Weirdness & Mutations

Your plain brown scales are hard. (AC +5)
You cannot fit into any form of body armour.
You are cold-blooded and may be slowed by cold attacks.


Message History

* * * LOW HITPOINT WARNING * * *
The adder bites you but does no damage. The jackal closely misses you.
Something bites you but does no damage. The leopard gecko barely misses you.
You barely miss the adder.
Your tail-slap misses the adder.
The adder is severely wounded.
The adder misses you.
You riposte.
You closely miss the adder.
The adder is severely wounded.
The jackal closely misses you.
You riposte.
You miss the jackal. Something bites you but does no damage.
The leopard gecko bites you but does no damage.
The adder bites you.
* * * LOW HITPOINT WARNING * * *
The jackal barely misses you. Something bites you.
* * * LOW HITPOINT WARNING * * *
You slash the adder!
You kill the adder!
The jackal closely misses you. Something barely misses you.
The leopard gecko bites you.
You die... "It was about time."

.. ... ... .... ###.
...# #.... .... ...#
#..... ####### #..#
#.... ......# #..#
##†.#
......#####..###@h#
...............l{##
..............##....(..
..............####.....
..............# .....
..............# ....
.....)........# ....
......).......# ...
..............#


You could see a leopard gecko and a jackal.

Vanquished Creatures
  2 adders
  An ooze (D:3)
  3 leopard geckos
  An orc (D:3)
  2 giant cockroaches (D:1)
  A goblin (D:1)
  6 hobgoblins
  6 jackals
  A quokka (D:2)
  A ball python (D:1)
  2 bats
  A frilled lizard (D:2)
  A kobold (D:1)
  4 rats
32 creatures vanquished.

Vanquished Creatures (collateral kills)
  A frilled lizard (D:3)
  A kobold (D:3)
2 creatures vanquished.

Grand Total: 34 creatures vanquished

Notes
Turn   | Place    | Note
-------+----------+-------------------------------------------
     0 | D:1      | Gabide the Draconian Chaos Knight began the quest for the Orb.
     0 | D:1      | Reached XP level 1. HP: 19/19 MP: 1/1
   116 | D:1      | Reached XP level 2. HP: 21/26 MP: 2/2
   568 | D:2      | Found an opulent altar of Gozag.
   615 | D:2      | Found a glowing golden altar of the Shining One.
   620 | D:2      | Found an opulent altar of Gozag.
   623 | D:2      | Found a shimmering altar of Xom.
   623 | D:2      | Found a radiant altar of Vehumet.
   625 | D:2      | Found a deep blue altar of Sif Muna.
   625 | D:2      | Found a bloodstained altar of Trog.
   635 | D:2      | Reached XP level 3. HP: 32/33 MP: 3/3
   687 | D:2      | Reached skill level 4 in Fighting
   776 | D:2      | XOM: 7-stop teleportation journey
  1079 | D:3      | XOM: summons 3 friendly demons
  1217 | D:3      | Slain by a leopard gecko

Skill      XL: |  1  2  3 |
---------------+----------+-----
Fighting       | 4 |  4.1
Long Blades    | |  3.8
Dodging        | |  2.5
Stealth        | |  0.2

Action                   || total
-------------------------++-------
Melee: Falchion          ||    74
       Tailslap          ||     6
  Use: Scroll            ||     4
Armor: Skin              ||    41
Dodge: Dodged            ||    70
       Rpst.: Falchion   ||    19
